 Dungeon Crawl Stone Soup version 0.29.1-2-gbd0b4ee654 (webtiles) character file.

Game seed: 9627217045693465072

0 MachoJfn the Grave Robber (level 1, -1/13 HPs)
             Began as a Mummy Necromancer on Nov 10, 2022.
             Slain by a jackal (2 damage)
             ... on level 1 of the Dungeon.
             The game lasted 00:01:20 (73 turns).

MachoJfn the Grave Robber (Mummy Necromancer)         Turns: 73, Time: 00:01:21

Health: -1/13      AC:  2    Str: 11    XL:     1   Next: 8%
Magic:  4/4        EV:  9    Int: 14    God:
Gold:   12         SH:  0    Dex: 12    Spells: 4/5 levels left

rFire   x . .      SeeInvis .   (no weapon)
rCold   + . .      Faith    .   (no shield)
rNeg    + + +      Spirit   .   a - +0 robe
rPois   ∞          Reflect  .   (no helmet)
rElec   .          Harm     .   (no cloak)
rCorr   .          Rampage  .   (no gloves)
Will    .....                   (no boots)
Stlth   ++........              (no amulet)
HPRegen 0.04/turn               (no ring)
MPRegen 0.09/turn               (no ring)

@: constricted
A: cold resistance 1, negative energy resistance 3, torment resistance 2, heat
vulnerability 1, no potions
a: no special abilities


You were on level 1 of the Dungeon.
You visited 1 branch of the dungeon, and saw 1 of its levels.

You collected 12 gold pieces.

Inventory:

Armour
 a - a +0 robe (worn)


   Skills:
 + Level 1.5 Dodging
 + Level 1.5 Stealth
 + Level 2.6 Spellcasting
 + Level 4.0 Necromancy


You had 4 spell levels left.
You knew the following spells:

 Your Spells              Type           Power      Damage    Failure   Level
a - Necrotise             Necr           52%        1d6       4%          1

Your spell library contained the following spells:

 Spells                   Type           Power      Damage    Failure   Level
 Vampiric Draining        Necr           13%        2d6       13%         3
 Animate Dead             Necr           13%        N/A       38%         4
 Agony                    Necr           13%        N/A       75%         5


Dungeon Overview and Level Annotations

Branches:
Dungeon (1/15)

Altars:


Innate Abilities, Weirdness & Mutations

You are immune to poison.
Your flesh is cold resistant. (rC+)
You are immune to negative energy. (rN+++)
You are immune to unholy pain and torment.
You are vulnerable to heat. (rF-)
You do not drink.


Message History

t - Shout!
Orders for allies: a - Attack new target. r - Retreat! s - Stop attacking. g - Guard the area. f - Follow me.
Anything else - Cancel.
You shout for attention!
You hear an angry hiss.
You hear a bark! 2 jackals come into view.
The jackal barks!
You hear an angry hiss.
The jackal moves out of view.
A ball python comes into view.
A jackal and a dart slug come into view.
Found a stone staircase leading down.
A jackal comes into view.
The jackal moves out of view.
Found a scroll labelled VERITE OTTECW.
The jackal barks!
The jackal barks!
You hit the jackal but do no damage. The jackal barely misses you.
The ball python bites you. The ball python closely misses you.
The jackal barely misses you. The jackal closely misses you.
You closely miss the ball python. The ball python bites you.
The ball python grabs you. The ball python constricts you.
The jackal bites you. The jackal closely misses you.
The jackal barely misses you.
You hit the ball python.
The ball python is severely wounded.
The ball python bites you but does no damage.
The ball python constricts you. The jackal bites you. x2
The jackal closely misses you. The ball python closely misses you.
The ball python constricts you.
You closely miss the ball python.
The ball python is severely wounded.
The jackal closely misses you. x2
The jackal bites you but does no damage.
The jackal closely misses you. The jackal bites you.
* * * LOW HITPOINT WARNING * * *
The ball python barely misses you. The ball python constricts you.
* * * LOW HITPOINT WARNING * * *
The jackal bites you.
You die...

.........#
.........#
......>..#
.........#
.........#
......wh.###.#.
?.....Shh......
......h@####
...........#
.#.
........##.#
#.. ##
.#########.#
#.# .
###.#####.#
.###
#.......#.###.#
.
#.#.....#.....#
# #...........#
#.#
##..........#
#.#


You could see a dart slug, 4 jackals and a ball python.

Vanquished Creatures
  A ball python (D:1)
1 creature vanquished.

Notes
Turn   | Place    | Note
-------+----------+-------------------------------------------
     0 | D:1      | MachoJfn the Mummy Necromancer began the quest for the Orb.
     0 | D:1      | Reached XP level 1. HP: 13/13 MP: 4/4
    73 | D:1      | Slain by a jackal

Illustrated notes

Levels and vault maps discovered:
D:1:      heliophobic_arrival_ceremonial_halls, layout_basic,
          ebering_ecumenical_altar_sacrificial

Action                   || total
-------------------------++-------
Melee: Unarmed           ||     5
Armor: Robe              ||     2
Dodge: Dodged            ||    12
